 Dungeon Crawl Stone Soup version 0.21.0-3-g78d12a8bdd (webtiles) character file.

154 Esekla the Charmwright (level 5, 0/26 HPs)
             Began as a Spriggan Skald on Jan 12, 2018.
             Killed from afar by an orc wizard (8 damage)
             ... with a magic dart
             ... on level 3 of the Dungeon.
             The game lasted 00:26:49 (3752 turns).

Esekla the Charmwright (Spriggan Skald)             Turns: 3752, Time: 00:26:50

Health: 0/26       AC:  2    Str:  7    XL:     5   Next: 13%
Magic:  4/10       EV: 20    Int: 15    God:
Gold:   126        SH:  0    Dex: 16    Spells: 2/10 levels left

rFire    . . .     SeeInvis +   a - +0 short sword
rCold    + . .     Gourm    .   (shield restricted)
rNeg     . . .     Faith    .   b - +0 robe
rPois    .         Spirit   .   (helmet restricted)
rElec    .         Reflect  .   (no cloak)
rCorr    .         Harm     .   (gloves unavailable)
MR       .....                  (boots unavailable)
Stlth    ++........             (no amulet)
HPRegen  0.08/turn              k - ring of protection from cold
MPRegen  0.12/turn              n - ring of see invisible (curse)

@: very quick
A: very small, unfitting armour, see invisible, herbivore, speed 3, slow
metabolism 2
a: no special abilities


You were on level 3 of the Dungeon.
You were not hungry.

You visited 1 branch of the dungeon, and saw 4 of its levels.

You collected 126 gold pieces.

Inventory:

Hand Weapons
 a - a +0 short sword (weapon)
 m - a cursed -2 hunting sling
Missiles
 d - 5 tomahawks
 e - 91 stones (quivered)
Armour
 b - a +0 robe (worn)
Jewellery
 k - a ring of protection from cold (left hand)
 n - a cursed ring of see invisible (right hand)
Scrolls
 g - a scroll of enchant armour {unknown}
 h - 3 scrolls of immolation {unknown}
 o - a scroll of remove curse {unknown}
 p - a scroll of blinking {unknown}
 r - a scroll of teleportation {unknown}
Potions
 f - a potion of brilliance {unknown}
 i - 2 potions of berserk rage
 j - a potion of curing
 q - a potion of haste {unknown}
 t - 2 potions of flight {unknown}
Books
 c - a book of Battle

   Spells                             Type                      Level
   a - Infusion                       Charms                       1
   b - Shroud of Golubria             Charms/Translocation         2
   c - Song of Slaying                Charms                       2
   d - Spectral Weapon                Hexes/Charms                 3
   e - Regeneration                   Charms/Necromancy            3
Comestibles
 s - 2 rations


   Skills:
 + Level 1.8 Fighting
 * Level 4.1 Short Blades
 + Level 4.4 Dodging
 + Level 1.9 Stealth
 + Level 3.1 Spellcasting
 + Level 5.1 Charms
 * Level 2.0 Translocations


You had 2 spell levels left.
You knew the following spells:

 Your Spells              Type           Power        Failure   Level  Hunger
a - Infusion              Chrm           ###.         2%          1    #......
b - Shroud of Golubria    Chrm/Tloc      ##........   7%          2    ##.....
c - Song of Slaying       Chrm           ###.....     3%          2    ##.....
d - Spectral Weapon       Hex/Chrm       ##......     21%         3    ###....


Dungeon Overview and Level Annotations

Branches:
Dungeon (4/15)
 Temple: D:4-7

Altars:
Gozag
Makhleb
Ru

Annotations:
D:4 Menkaure


Innate Abilities, Weirdness & Mutations

You are very small and have problems with some larger weapons.
You are too small for most types of armour.
You have supernaturally acute eyesight. (SInv)
You are a herbivore.
You cover ground extremely quickly.
You need consume almost no food.


Message History

The magic dart hits you!
You hit the orc wizard.
The orc wizard is almost dead.
The orc wizard completely misses you. The orc hits you with a hand axe.
You hit the orc wizard but do no damage.
The orc wizard is almost dead.
The orc wizard points at you and mumbles some strange words.
The magic dart hits you!
* * * LOW HITPOINT WARNING * * *
The orc barely misses you.
The orc wizard gestures at you while chanting.
The magic dart hits you!
* * * LOW HITPOINT WARNING * * *
You feel better. The orc wizard closely misses you. The orc barely misses you.
You hit the orc wizard.
The orc wizard is almost dead.
The orc wizard completely misses you. The orc closely misses you.
The orc wizard casts a spell at you. The magic dart hits you!
You die...

.........s.†.o#
............(.#
..............#
..............#
.............o####
.................#
.............>##.#
.............###o#
.............# #@#
.............# #o#
.............# #.#
......†..........#
.#######.#########
.# .# . .#


You could see an orc wizard and an orc.

Vanquished Creatures
  An orc wizard (D:3)
  A gnoll (D:1)
  4 adders
  2 worms (D:2)
  A dart slug (D:3)
  A leopard gecko (D:3)
  6 orcs (D:3)
  A ball python (D:1)
  4 bats
  6 giant cockroaches
  8 goblins
  6 hobgoblins
  7 jackals
  A kobold (D:1)
  8 frilled lizards
  10 rats
67 creatures vanquished.

Notes
Turn   | Place    | Note
-------+----------+-------------------------------------------
     0 | D:1      | Esekla the Spriggan Skald began the quest for the Orb.
     0 | D:1      | Reached XP level 1. HP: 10/10 MP: 5/5
   856 | D:1      | Reached XP level 2. HP: 6/14 MP: 6/6
  1086 | D:1      | Learned a level 2 spell: Shroud of Golubria
  1089 | D:1      | Learned a level 2 spell: Song of Slaying
  1356 | D:1      | Reached skill level 1 in Stealth
  1470 | D:1      | Reached skill level 1 in Translocations
  1470 | D:1      | Reached XP level 3. HP: 18/18 MP: 2/8
  1861 | D:2      | Found a burning altar of Makhleb.
  2113 | D:2      | Found an opulent altar of Gozag.
  2378 | D:2      | Reached skill level 5 in Charms
  2378 | D:2      | Reached XP level 4. HP: 21/23 MP: 5/9
  2534 | D:2      | Found a sacrificial altar of Ru.
  2586 | D:2      | Learned a level 3 spell: Spectral Weapon
  3110 | D:4      | Noticed Menkaure
  3729 | D:3      | Reached XP level 5. HP: 14/26 MP: 1/10
  3752 | D:3      | Killed from afar by an orc wizard

Skill      XL: |  1  2  3  4 |
---------------+-------------+-----
Dodging        | 4 |  4.4
Stealth        | 1 |  1.9
Short Blades   | 3 4 |  4.1
Translocations | 1 2 |  2.0
Charms         | 5 |  5.1
Spellcasting   | 3 |  3.1
Fighting       | |  1.8

Action                   |  1- 3 |  4- 6 || total
-------------------------+-------+-------++-------
Melee: Short sword       |   191 |   109 ||   300
Throw: Stone             |    26 |    13 ||    39
 Cast: Infusion          |     9 |     4 ||    13
       Shroud of Golubri |     2 |     2 ||     4
       Song of Slaying   |       |     2 ||     2
  Use: Scroll            |       |     3 ||     3
       Potion            |       |     3 ||     3
 Stab: Sleeping          |       |     2 ||     2
  Eat: Ration            |       |     1 ||     1
Armor: Robe              |    13 |     6 ||    19
Dodge: Dodged            |   146 |    82 ||   228
